 Dungeon Crawl Stone Soup version 0.29.1-15-g9cfb28693d (webtiles) character file.

Game seed: 10871257312355846421

11858 ThatPearl the Fighter (level 11, 0/76 HPs)
             Began as a Gargoyle Fighter on Mar 12, 2023.
             Was a Priest of the Shining One.
             Splashed by a goliath frog's acid (3 damage)
             ... on level 11 of the Dungeon.
             The game lasted 00:25:40 (9851 turns).

ThatPearl the Fighter (Gargoyle Fighter)            Turns: 9851, Time: 00:25:40

Health: 0/76       AC: 19    Str: 25    XL:     11   Next: 84%
Magic:  10/13      EV: 11    Int: 14    God:    the Shining One [***...]
Gold:   287        SH:  7    Dex:  7    Spells: 6/10 levels left

rFire   . . .      SeeInvis .   z - +3 woodcutter's axe {vorpal}
rCold   . . .      Faith    .   (shield currently unavailable)
rNeg    + + .      Spirit   .   R - +0 acid dragon scales
rPois   ∞          Reflect  .   w - +0 helmet
rElec   +          Harm     .   t - scarf {shadows}
rCorr   +          Rampage  .   D - +0 pair of gloves
Will    .....                   (no boots)
Stlth   +.........              k - amulet of regeneration
HPRegen 1.02/turn               m - +6 ring of strength
MPRegen 0.13/turn               S - +4 ring of protection

@: divinely shielded, corroded, glowing
A: sickness immunity, AC +8, negative energy resistance 1, electricity
resistance, torment resistance 1, petrification resistance, clumsy 1
a: Renounce Religion, Divine Shield, Cleansing Flame


You were on level 11 of the Dungeon.
You worshipped the Shining One.
The Shining One was most pleased with you.
You visited 2 branches of the dungeon, and saw 12 of its levels.

You collected 441 gold pieces.
You spent 154 gold pieces at shops.

Inventory:

Hand Weapons
 a - a +1 hand axe of freezing
 y - a +1 antimagic hand axe
 z - the +3 woodcutter's axe (weapon) {vorpal}
   (You found it on level 3 of the Dungeon)

   It inflicts extra damage upon your enemies.
 H - a +1 flail of holy wrath
 L - a +1 hand axe of electrocution
Missiles
 b - 2 throwing nets
 e - 108 stones (quivered)
 g - 3 boomerangs
 r - 7 poisoned darts
Armour
 t - a scarf of shadows (worn)
 w - a +0 helmet (worn)
 D - a +0 pair of gloves (worn)
 R - +0 acid dragon scales (worn)
 W - a +1 ring mail of fire resistance
Jewellery
 j - a ring of positive energy
 k - an amulet of regeneration (around neck)
 m - a +6 ring of strength (left hand)
 C - a ring of willpower
 S - a +4 ring of protection (right hand)
 V - a ring of see invisible
 Y - a ring of resist corrosion
Wands
 f - a wand of polymorph (1)
 M - a wand of iceblast (15)
 X - a wand of quicksilver (5)
Scrolls
 h - 3 scrolls of brand weapon {unknown}
 i - 2 scrolls of enchant weapon {unknown}
 l - 3 scrolls of vulnerability {unknown}
 n - 6 scrolls of blinking {unknown}
 o - 2 scrolls of noise {unknown}
 p - 4 scrolls of enchant armour {unknown}
 q - 3 scrolls of amnesia {unknown}
 v - 4 scrolls of teleportation {unknown}
 x - 2 scrolls of fear {unknown}
 A - a scroll of magic mapping {unknown}
 F - 2 scrolls of torment {unknown}
 I - a scroll of acquirement {unknown}
 J - 3 scrolls of butterflies {unknown}
 K - a scroll of silence
 P - 3 scrolls of poison {unknown}
Potions
 c - 2 potions of magic
 d - 2 potions of might
 s - 2 potions of mutation
 u - 2 potions of lignification
 B - 8 potions of curing
 E - 3 potions of brilliance
 Q - a potion of heal wounds {unknown}
 T - a potion of ambrosia
 U - a potion of haste
Miscellaneous
 Z - a lightning rod (4/4)


   Skills:
 + Level 12.5 Fighting
 + Level 10.4 Axes
 + Level 10.6 Armour
 - Level 3.3 Shields
 + Level 3.5 Invocations


You had 6 spell levels left.
You knew the following spells:

 Your Spells              Type           Power      Damage    Failure   Level
a - Spider Form           Tmut/Pois      0%         N/A       71%         3
s - Slow                  Hex            0%         N/A       34%         1

Your spell library contained the following spells:

 Spells                   Type           Power      Damage    Failure   Level
 Apportation              Tloc           0%         N/A       34%         1
 Freeze                   Ice            0%         1d3       34%         1
 Sting                    Tmut/Pois      0%         1d3       34%         1
 Ensorcelled Hibernation  Hex/Ice        0%         N/A       45%         2
 Frozen Ramparts          Ice            0%         1d1       71%         3
 Ignite Poison            Fire/Tmut/Pois 0%         N/A       71%         3
 Mephitic Cloud           Conj/Pois/Air  0%         N/A       71%         3
 Anguish                  Hex/Necr       0%         N/A       98%         4
 Hailstorm                Conj/Ice       0%         3d3       98%         4
 Passage of Golubria      Tloc           0%         N/A       98%         4
 Blade Hands              Tmut           0%         N/A       100%        5
 Freezing Cloud           Conj/Ice/Air   0%         6-21      100%        5
 Irradiate                Conj/Tmut      0%         3d11      100%        5
 Silence                  Hex/Air        0%         N/A       100%        5
 Dragon Form              Tmut           0%         N/A       100%        7
 Lehudib's Crystal Spear  Conj/Erth      0%         10d2      100%        8


Dungeon Overview and Level Annotations

Branches:
Dungeon (11/15)            Temple (1/1) D:6
   Lair: D:8-11         Orc: D:9-12

Altars:
Ashenzari
Cheibriados
Dithmenos
Elyvilon
Fedhas
Gozag
Hepliaklqana
Kikubaaqudgha
Makhleb
Nemelex Xobeh
Okawaru
Qazlal
Ru
Sif Muna
Trog
Uskayaw
Vehumet
Wu Jian
Xom
Yredelemnul
Zin
The Shining One

Shops:
D:3 *   D:7 [


Innate Abilities, Weirdness & Mutations

You are immune to sickness and miasma.
Your stone body is resilient. (AC +8)
You are immune to poison.
You resist negative energy. (rN+)
You are resistant to electric shocks. (rElec)
You are resistant to unholy torment.
You are immune to petrification.
You are clumsy. (Dex -2)


Message History

The two-headed ogre is heavily wounded.
The two-headed ogre hits you with a +0 giant spiked club!
The two-headed ogre hits you but does no damage.
Aiming: Polymorph
Press: ? - help, Shift-Dir - straight line, f - seven-headed hydra
Aim: a seven-headed hydra (haloed, will become a wind drake, a slime creature, or a goliath frog, chance to affect: 17%)
The seven-headed hydra resists with almost no effort.
The seven-headed hydra bites you!
The seven-headed hydra bites you but does no damage.
The seven-headed hydra bites you.
The seven-headed hydra closely misses you. x2
The seven-headed hydra bites you but does no damage.
The seven-headed hydra closely misses you.
Aiming: Polymorph
Press: ? - help, Shift-Dir - straight line, f/p - seven-headed hydra
Aim: a seven-headed hydra (haloed, will become a wind drake, a slime creature, or a goliath frog, chance to affect: 17%)
The seven-headed hydra evaporates and reforms as a goliath frog!
The goliath frog hits you!
You are splashed with acid.
You resist.
Unknown command.
You completely miss the goliath frog. The goliath frog hits you!
You are splashed with acid.
You resist.
Unknown command.
A divine shield forms around you!
The goliath frog hits you but does no damage.
You slice the goliath frog!!
The goliath frog is severely wounded.
You block the goliath frog's attack.
You barely miss the goliath frog.
The goliath frog is severely wounded.
You block the goliath frog's attack.
You slash the goliath frog!
The goliath frog is almost dead.
The goliath frog hits you!!
* * * LOW HITPOINT WARNING * * *
The acid corrodes you!
You are splashed with acid.
You resist.
* * * LOW HITPOINT WARNING * * *
The goliath frog hits you!
* * * LOW HITPOINT WARNING * * *
You are splashed with acid.
You resist.
You die...

.......####.##..
..#...
............#####
........#####
........#####
........#...#
###.....#...###
#.....#......
#.....#......
#....@FO#
###+#####


You could see a two-headed ogre and a goliath frog.

Vanquished Creatures
  3 two-headed ogres
  A sun demon (D:9)
  2 sixfirhies (D:9)
  A cyclops (D:9)
  A gargoyle (D:10)
  A rust devil (D:9)
  A smoke demon (D:9)
  An orange demon (D:9)
  Psyche (D:8)
  An unseen horror (D:7)
  Maggie (D:7)
  2 ice devils (D:9)
  A hellwing (D:9)
  Prince Ribbit (D:5)
  A shadow (D:9)
  2 wyverns
  2 wraiths (D:9)
  A vampire (D:10)
  A neqoxec (D:9)
  Menkaure (D:7)
  An acid dragon (D:11)
  4 water moccasins
  2 orc warriors (D:10)
  3 black bears
  2 ice beasts
  2 sky beasts (D:7)
  A boggart (D:9)
  2 centaurs (D:8)
  2 phantoms (D:5)
  A kobold brigand (D:10)
  3 bullfrogs
  2 gnoll sergeants
  A scorpion (D:6)
  2 necrophages
  5 wights (D:10)
  11 killer bees
  4 howler monkeys
  3 hounds
  7 quasits (D:9)
  2 jellies
  2 orc priests (D:9)
  2 iguanas
  8 orc wizards
  10 gnolls
  5 adders
  2 ufetubi (D:4)
  3 worms (D:4)
  A dart slug (D:2)
  35 orcs
  2 bats (D:1)
  2 endoplasms (D:3)
  2 giant cockroaches
  7 goblins
  9 hobgoblins
  3 quokkas
  6 ball pythons
  4 frilled lizards
  6 kobolds
  A rat (D:3)
196 creatures vanquished.

Vanquished Creatures (others)
  3 demonic plants (D:9)
  4 plants (D:2)
7 creatures vanquished.

Grand Total: 203 creatures vanquished

Notes
Turn   | Place    | Note
-------+----------+-------------------------------------------
     0 | D:1      | ThatPearl the Gargoyle Fighter began the quest for the Orb.
     0 | D:1      | Reached XP level 1. HP: 14/14 MP: 1/1
   157 | D:1      | Reached XP level 2. HP: 19/19 MP: 2/2
   742 | D:2      | Reached XP level 3. HP: 20/24 MP: 3/3
   826 | D:2      | Reached skill level 4 in Fighting
  1095 | D:2      | Found a faded altar of an unknown god.
  1737 | D:3      | Reached XP level 4. HP: 29/30 MP: 4/4
  1818 | D:3      | Found a radiant altar of Vehumet.
  1897 | D:3      | Found Tixkicepn's General Store.
  1945 | D:3      | Got Willworking, Part One
  1948 | D:3      | Learned a level 1 spell: Slow
  2279 | D:3      | Reached XP level 5. HP: 32/34 MP: 5/5
  2645 | D:3      | Reached skill level 5 in Fighting
  2888 | D:3      | Found the +3 woodcutter's axe {vorpal}
  3160 | D:4      | Reached XP level 6. HP: 40/40 MP: 6/6
  3174 | D:4      | Found a shimmering altar of Xom.
  3248 | D:4      | Found a hide-covered altar of Uskayaw.
  3333 | D:4      | Found an iron altar of Okawaru.
  3745 | D:5      | Entered Level 5 of the Dungeon
  3801 | D:5      | Noticed Prince Ribbit
  3806 | D:5      | Killed Prince Ribbit
  3807 | D:5      | Reached skill level 6 in Fighting
  3807 | D:5      | Reached XP level 7. HP: 31/47 MP: 7/7
  3903 | D:5      | Reached skill level 5 in Axes
  3992 | D:5      | Reached skill level 7 in Fighting
  4126 | D:5      | Found a white marble altar of Elyvilon.
  4183 | D:5      | Found a snail-covered altar of Cheibriados.
  4363 | D:5      | Reached XP level 8. HP: 26/54 MP: 8/8
  5017 | D:6      | Reached skill level 8 in Fighting
  5034 | D:6      | Found a sacrificial altar of Ru.
  5348 | D:6      | Found a staircase to the Ecumenical Temple.
  5354 | Temple   | Entered the Ecumenical Temple
  5780 | D:7      | Found Suati's Antique Armour Shoppe.
  5785 | D:7      | Bought a dazzling leather armour for 154 gold pieces
  5785 | D:7      | Identified the +1 leather armour of the Hairy God {rC+ rN+}
                  | (You bought it in a shop on level 7 of the Dungeon)
  5826 | D:7      | Killed an unseen horror
  5827 | D:7      | Reached skill level 5 in Armour
  5827 | D:7      | Reached XP level 9. HP: 19/60 MP: 9/9
  6105 | D:7      | Reached skill level 9 in Fighting
  6155 | D:7      | Noticed Maggie
  6159 | D:7      | Killed Maggie
  6374 | D:7      | Learned a level 3 spell: Spider Form
  6567 | D:7      | Noticed Menkaure
  6568 | D:7      | Killed Menkaure
  6733 | D:7      | Found a glowing golden altar of the Shining One.
  6736 | D:7      | Became a worshipper of the Shining One
  7109 | D:8      | Noticed Psyche
  7127 | D:8      | Killed Psyche
  7128 | D:8      | Reached skill level 10 in Fighting
  7134 | D:8      | Reached XP level 10. HP: 61/68 MP: 10/10
  7265 | D:8      | Found a sparkling altar of Nemelex Xobeh.
  7265 | D:8      | Found a stormy altar of Qazlal.
  7735 | D:9      | Noticed an orange demon
  7772 | D:9      | Noticed a sixfirhy
  7780 | D:9      | Killed a sixfirhy
  7780 | D:9      | Gained mutation: You are clumsy. (Dex -2) [a neqoxec]
  7830 | D:9      | Reached * piety under the Shining One
  7830 | D:9      | Noticed a smoke demon
  7842 | D:9      | Killed a smoke demon
  7849 | D:9      | Reached skill level 11 in Fighting
  7927 | D:9      | Noticed a two-headed ogre
  7935 | D:9      | Killed a two-headed ogre
  8028 | D:9      | Killed an orange demon
  8073 | D:9      | Reached XP level 11. HP: 69/74 MP: 11/11
  8145 | D:9      | Noticed a cyclops
  8150 | D:9      | Killed a cyclops
  8238 | D:9      | Noticed a sixfirhy
  8244 | D:9      | Reached ** piety under the Shining One
  8257 | D:9      | Killed a sixfirhy
  8276 | D:9      | Reached skill level 12 in Fighting
  8276 | D:9      | Reached skill level 10 in Axes
  8276 | D:9      | Reached skill level 10 in Armour
  8531 | D:9      | Noticed a sun demon
  8544 | D:9      | Killed a sun demon
  8545 | D:9      | Reached skill level 1 in Invocations
  8627 | D:9      | Found a broken altar of Ashenzari.
  8799 | D:9      | Found a shadowy altar of Dithmenos.
  8907 | D:10     | Entered Level 10 of the Dungeon
  8972 | D:10     | Noticed a two-headed ogre
  8980 | D:10     | Killed a two-headed ogre
  9077 | D:10     | Noticed a two-headed ogre
  9089 | D:10     | Killed a two-headed ogre
  9235 | D:10     | Reached *** piety under the Shining One
  9838 | D:11     | Noticed a two-headed ogre
  9839 | D:11     | Noticed a seven-headed hydra
  9846 | D:11     | Noticed a goliath frog
  9846 | D:11     | a seven-headed hydra changed into a goliath frog
  9851 | D:11     | HP: 3/76 [goliath frog (14)]
  9851 | D:11     | Splashed by a goliath frog's acid

Illustrated notes

Levels and vault maps discovered:
D:1:      scummos_arrival_simple_crosswalls, layout_basic, st_stairs_9,
          serial_park_tiny_pond
D:2:      layout_loops_ring, shapermc_ecumenical_altar_flowoftime,
          mrwooster_statue_mirror, chequers_big_river
D:3:      layout_basic, nicolae_vehumet_radiance, serial_shops,
          nicolae_diamond_shop, chequers_mini_garden,
          pf_guarded_unrand_woodcutter
D:4:      layout_basic, mainiacjoe_overflow_chevrons, general_overflow_altar,
          nicolae_uskayaw_murder_on_the_dancefloor, minivault_23
D:5:      layout_basic, lemuel_coloured_pillars_altar,
          mainiacjoe_overflow_six_doors_small, uniq_prince_ribbit1
D:6:      layout_loops_ring, mainiacjoe_overflow_boulevard,
          minmay_temple_entry_enclosed_plants
D:7:      layout_basic, tso_oasis_becter, serial_shops, nicolae_stop_n_shop_1,
          minmay_misc_feat_roman, minmay_tree_intersection,
          serial_bayou_lagoon_a, uniq_menkaure, uniq_maggie
D:8:      layout_loops_ring, gammafunk_temple_overflow_elements,
          kennysheep_small_circle, uniq_psyche
D:9:      layout_irregular_city, mainiacjoe_overflow_alcove_2,
          grunt_dithmenos_shadows, serial_demonic, serial_demonic_e,
          serial_demonic_d, serial_demonic_a, serial_demonic_a,
          serial_demonic_d, serial_demonic_e, minmay_three_doors
D:10:     layout_basic, st_stairs_13, minmay_misc_feat_plants
D:11:     cheibrodos_shockbox, layout_basic, erik_lair_island
Temple:   eino_temple_lava

Skill      XL: |  1  2  3  4  5  6  7  8  9 10 11 |
---------------+----------------------------------+-----
Axes           | 2 3 4 6 7 8 9 10 | 10.4
Fighting       | 4 5 6 7 8 10 11 12 | 12.5
Armour         | 5 7 9 10 | 10.6
Invocations    | 3 |  3.5
Shields        | |  3.3

Action                   |  1- 3 |  4- 6 |  7- 9 | 10-12 || total
-------------------------+-------+-------+-------+-------++-------
Melee: War axe           |    87 |    73 |       |       ||   160
       Hand axe          |       |     5 |       |       ||     5
       Battleaxe         |       |    45 |   151 |   249 ||   445
       Unarmed           |       |       |     7 |       ||     7
Throw: Stone             |       |     5 |       |     6 ||    11
       Dart              |       |     1 |     6 |     6 ||    13
Invok: Divine Shield     |       |       |       |     1 ||     1
Evoke: Wand              |       |       |       |     2 ||     2
  Use: Scroll            |       |     5 |     2 |     2 ||     9
       Potion            |       |       |       |     1 ||     1
Armor: Scale mail        |    53 |    73 |    87 |       ||   213
       Acid dragon scale |       |       |    37 |   176 ||   213
       Skin              |       |       |     2 |       ||     2
Dodge: Dodged            |    48 |    63 |    64 |   175 ||   350
Block: Buckler           |    20 |    15 |       |       ||    35
       Other             |       |       |       |     2 ||     2
